AoeStats
← DK

Arabia

509901881Analyzed
1v1 RM · 3d ago on Sep 28, 2026· 32m 25s· 2 players
Game mode
Random Map
Map size
Tiny (2 player)
Population
200
Speed
Normal
Resources
Standard
Victory
Conquest
Starting age
Dark Age
Ending age
Imperial Age
RankedLock teamsTeams togetherTeam positionsShared explorationLock speedFull tech treeHidden civsTurbo modeCheats
Victory
Defeat
🇩🇪 Maya · Germany
1567
+14
🇨🇦 Khitans · Canada
1513
-14
DK
7:18 Loom
10:23 Feudal Age
11:03 Double-Bit Axe
13:07 Domestication
15:37 Fletching
21:49 Forging
21:44 Scale Barding Armor
24:07 Castle Age
27:32 Husbandry
29:19 Devotion
30:15 Town Watch
JJ91
0:25 Loom
10:25 Feudal Age
10:35 Man-at-Arms
11:23 Double-Bit Axe
11:39 Arson
15:04 Fletching
16:38 Scale Mail Armor
16:47 Padded Archer Armor
21:42 Castle Age
20:18 Forging
20:50 Gold Mining
21:58 Horse Collar
21:48 Eagle Warrior
22:29 Squires
24:06 Chain Mail Armor
27:38 Bow Saw
29:22 Crossbowman
30:41 Bodkin Arrow
Connection lost

Rejoining the realm…

Still unreachable

The connection could not be restored.

Session expired

The server has moved on; the page needs a fresh start.